Cogmind - Beta 13 @@@ ROGUE MODE // 2024.04.11 @ 22:17:45 Player: RD-BKR Result: Destroyed by D-53 Grenadier with Mini Grenade Launcher Performance ------------- Evolutions (0) 0 Regions Visited (4) 800 Robots Destroyed (15) 75 Value Destroyed (359) 359 Prototype IDs (27) 540 Alien Tech Used (0) 0 Bonus (300) 300 TOTAL SCORE: 2074 Bonus ------- Aligned with FarCom 300 Cogmind --------- Core Integrity 0/250 Matter 300/300 Energy 100/100 System Corruption 0% Temperature Cool (0) Movement Treading (330) Ox2 Location -9/Mines Parts ------- > --- POWER (1) -------- (None) > --- PROPULSION (2) --- Armored Treads > --- UTILITY (2) ------ High-capacity Storage Unit Seismic Detector > --- WEAPON (2) ------- Heavy Flail > --- INVENTORY (20) --- Light Ion Engine Light Treads Light Treads Light Treads Light Treads Light Treads Compact Wheel Armored Wheel VTOL Module Cesium-ion Thruster Medium Storage Unit Superbattery (1500) Compact Matter Pod (150) Weight Redist. System Small Laser Light Assault Rifle Light Assault Rifle Light Assault Rifle Autogun Improved Light Cannon Peak State ------------ > --- POWER ------------ Ion Engine > --- PROPULSION ------- Light Treads Armored Treads > --- UTILITY ---------- High-capacity Storage Unit Seismic Detector > --- WEAPON ----------- Grenade Launcher Heavy Flail > --- INVENTORY -------- Light Ion Engine Light Treads Light Treads Light Treads Light Treads Light Treads Compact Wheel Armored Wheel VTOL Module Cesium-ion Thruster Medium Storage Unit Superbattery Compact Matter Pod Weight Redist. System Small Laser Light Assault Rifle Light Assault Rifle Light Assault Rifle Autogun Improved Light Cannon [Rating: 14] Favorites ----------- Power Ion Engine Engine Ion Engine Propulsion Light Treads Treads Light Treads Leg Aluminum Leg Utility High-capacity Storage Unit Device Weight Redist. System Storage High-capacity Storage Unit Weapon Light Assault Rifle Energy Gun Small Laser Ballistic Gun Light Assault Rifle Launcher Grenade Launcher Impact Weapon Heavy Flail Build | -11 -10 -10 -10 -9 ------- Run | Yrd Mat Min Exi Min Slots Evolved . | . . . . . Power . | . . . . . Propulsion . | . . . . . Utility . | . . . . . Weapon . | . . . . . Parts Attached 14 | 2 8 2 1 1 Power . | . . . . . Engine . | . . . . . Core . | . . . . . Reactor . | . . . . . Propulsion 3 | 2 . 1 . . Treads 3 | 2 . 1 . . Leg . | . . . . . Wheel . | . . . . . Hover . | . . . . . Flight . | . . . . . Utility 4 | . 3 1 . . Device 2 | . 1 1 . . Storage 2 | . 2 . . . Processor . | . . . . . Hackware . | . . . . . Protection . | . . . . . Artifact . | . . . . . Weapon 7 | . 5 . 1 1 Energy Gun . | . . . . . Energy Cannon . | . . . . . Ballistic Gun 4 | . 4 . . . Ballistic Cannon . | . . . . . Launcher 2 | . 1 . 1 . Special Weapon . | . . . . . Impact Weapon 1 | . . . . 1 Slashing Weapon . | . . . . . Piercing Weapon . | . . . . . Special Melee Weapon . | . . . . . Unidentified Prototypes . | . . . . . Parts Lost 3 | . . . . 3 Power 1 | . . . . 1 Propulsion 1 | . . . . 1 Utility . | . . . . . Weapon 1 | . . . . 1 Highest Loss Streak 3 | . . . . 3 To Critical Strikes . | . . . . . Average Slot Usage (%) 98 | . 97 100 100 99 Engine 13 | . 14 14 14 13 Treads 27 | . 28 28 28 27 Device 13 | . 11 14 14 14 Storage 14 | . 14 14 14 14 Ballistic Gun 25 | . 27 28 24 13 Launcher 2 | . . . 3 13 Naked Turns . | . . . . . Heaviest Build 50 | 12 49 48 50 50 Greatest Support 46 | 40 46 46 40 40 Greatest Overweight (x) 1 | . 1 1 1 1 Average Overweight (x) . | . . 1 1 1 Largest Inventory Capacity 20 | 8 20 20 20 20 Average Capacity 19 | 8 17 20 20 20 Most Carried 20 | 6 12 16 17 20 Average Carried 13 | 5 10 12 16 19 Final Capacity 20 | 8 20 20 20 20 Final Carried 20 | 4 12 16 17 20 Class Distribution -------------------- 100% | Mutant Dominant Class ---------------- Mutant | -10/Materials Mutant | -10/Mines Mutant | -10/Exiles Mutant | -9/Mines Resources | -11 -10 -10 -10 -9 ----------- Run | Yrd Mat Min Exi Min Matter Collected 498 | 200 225 37 . 36 Remotely . | . . . . . Salvage Created 471 | . 471 . . . Parts 33 | . 33 . . . Haulers Intercepted 1 | . 1 . . . Recyclers Shooed . | . . . . . Parts Field Recycled . | . . . . . Retrieved Matter . | . . . . . Parts Self-Destructed . | . . . . . Prevented . | . . . . . Kills | -11 -10 -10 -10 -9 ------- Run | Yrd Mat Min Exi Min Combat Hostiles Destroyed 12 | . 12 . . . Guns 12 | . 12 . . . Classes Destroyed 5 | . 5 . . . Hauler 1 | . 1 . . . Operator 1 | . 1 . . . Watcher 1 | . 1 . . . Swarmer 4 | . 4 . . . Grunt 8 | . 8 . . . Best Kill Streak 3 | . 3 . . . Combat Bots Only 3 | . 3 . . . Max Kills in Single Turn 2 | . 2 . . . Gunslinging 1 | . 1 . . . Exploded . | . . . . . Melee . | . . . . . Uniques/NPCs Destroyed . | . . . . . Combat | -11 -10 -10 -10 -9 -------- Run | Yrd Mat Min Exi Min Hostile Shots Fired 69 | . 59 . . 10 Missed 19 | . 18 . . 1 Damage Taken 953 | . 408 21 . 524 Core 269 | . 67 . . 202 Absorbed by Shields . | . . . . . Core Remaining (%) 100 | 100 . . . . Volleys Fired 47 | . 47 . . . Largest 2 | . 2 . . . Hottest 60 | . 60 . . . Shots Fired 93 | . 93 . . . Gun 92 | . 92 . . . Cannon . | . . . . . Launcher 1 | . 1 . . . Special . | . . . . . Kinetic 91 | . 91 . . . Thermal 1 | . 1 . . . Explosive 1 | . 1 . . . Electromagnetic . | . . . . . Robot Hit Streak 8 | . 8 . . . Robot Miss Streak 8 | . 8 . . . Penetration Max . | . . . . . Secondary Targets 4 | . 4 . . . Max Gunslinging Chain 1 | . 1 . . . Shots Hit Robots 61 | . 58 . . 3 Core Hits 29 | . 29 . . . Critical Kills . | . . . . . Critical Parts Destroyed 1 | . . . . 1 Critical Strikes 2 | . . . . 2 Smash 2 | . . . . 2 Melee Attacks 4 | . . . . 4 Impact 4 | . . . . 4 Slashing . | . . . . . Piercing . | . . . . . Sneak Attacks . | . . . . . Combat Hostiles . | . . . . . Follow-up Attacks . | . . . . . Damage Inflicted 772 | . 685 . . 87 Guns 599 | . 599 . . . Cannons . | . . . . . Explosions 75 | . 75 . . . Melee 87 | . . . . 87 Ramming 11 | . 11 . . . Kinetic 599 | . 599 . . . Thermal . | . . . . . Explosive 75 | . 75 . . . Electromagnetic . | . . . . . Impact 87 | . . . . 87 Slashing . | . . . . . Piercing . | . . . . . Highest Corruption . | . . . . . Average Corruption . | . . . . . Corruption Purged . | . . . . . Corruption Blocked . | . . . . . Overload Shots . | . . . . . Overflow Damage 33 | . . . . 33 Projectiles . | . . . . . Explosions . | . . . . . Melee 33 | . . . . 33 Knockbacks 1 | . . . . 1 Impact 1 | . . . . 1 Kinetic . | . . . . . Secondary . | . . . . . Self-Inflicted Damage . | . . . . . Shots . | . . . . . Rammed 1 | . 1 . . . Targets Rammed 1 | . 1 . . . Kicked . | . . . . . Crushed . | . . . . . Highest Temperature 24 | . 24 . . . Average Temperature 9 | . 9 . . . Received Heat Transfer 174 | . 174 . . . Siege Activations . | . . . . . Robots Corrupted . | . . . . . Combat Hostiles . | . . . . . Parts Fried . | . . . . . Impact Corruptions 1 | . . . . 1 Robots Melted . | . . . . . Combat Hostiles . | . . . . . Parts Melted . | . . . . . Heat Transferred . | . . . . . Parts Sabotaged . | . . . . . Parts Stolen . | . . . . . Parts Stripped . | . . . . . Power Chain Reactions . | . . . . . Alert | -11 -10 -10 -10 -9 ------- Run | Yrd Mat Min Exi Min Peak Influence 204 | . 204 16 . . Initial 16 | . . 16 . . Average 34 | . 76 4 . . Maximum Alert Level 1 | . 1 . . . Low Security (%) 99 | 100 98 100 . 100 Level 1 . | . 1 . . . Level 2 . | . . . . . Level 3 . | . . . . . Level 4 . | . . . . . Level 5 . | . . . . . High Security . | . . . . . Max Security . | . . . . . Squads Dispatched 3 | . 3 . . . Investigation 3 | . 3 . . . Extermination . | . . . . . Reinforcement . | . . . . . Assault . | . . . . . Garrison . | . . . . . Intercept . | . . . . . Searches Triggered . | . . . . . Construction Impeded . | . . . . . Haulers Reinforced . | . . . . . Active Scanning Responses . | . . . . . Cargo Convoy Interrupts . | . . . . . Stealth | -11 -10 -10 -10 -9 --------- Run | Yrd Mat Min Exi Min Distress Signals 1 | . 1 . . . Communications Jammed . | . . . . . Distress Signals . | . . . . . Times Spotted 23 | . 21 . . 2 Peak Tracking Total 4 | . 4 . . 2 Tactical Retreats . | . . . . . Traps | -11 -10 -10 -10 -9 ------- Run | Yrd Mat Min Exi Min Traps Triggered 4 | . 3 1 . . Indirectly . | . . . . . Trap Hack Attempts . | . . . . . Triggered . | . . . . . Disarmed . | . . . . . Reprogrammed . | . . . . . Reused . | . . . . . Traps Extracted . | . . . . . Installed . | . . . . . Triggered . | . . . . . Machines | -11 -10 -10 -10 -9 ---------- Run | Yrd Mat Min Exi Min Machines Disabled . | . . . . . Max in Single Turn . | . . . . . Machines Repaired . | . . . . . Machines Dismantled . | . . . . . Machines Sabotaged . | . . . . . Overloaded Fab Kills . | . . . . . Hacking | -11 -10 -10 -10 -9 --------- Run | Yrd Mat Min Exi Min Machines Accessed 9 | . 7 1 1 . Terminals 7 | . 7 . . . Fabricators . | . . . . . Repair Stations . | . . . . . Recycling Units . | . . . . . Scanalyzers . | . . . . . Garrison Access . | . . . . . Total Hacks 23 | . 21 1 1 . Successful 13 | . 11 1 1 . Failed 10 | . 10 . . . Catastrophic . | . . . . . Database Lockouts . | . . . . . Manual 12 | . 11 . 1 . Terminals 21 | . 21 . . . Fabricators . | . . . . . Repair Stations . | . . . . . Recycling Units . | . . . . . Scanalyzers . | . . . . . Garrison Access . | . . . . . Terminal Hacks 9 | . 7 1 1 . Prototype ID Bank 3 | . 3 . . . Open Door 1 | . . 1 . . Terminal Index 1 | . 1 . . . Alert Level 1 | . 1 . . . Locate Traps 1 | . 1 . . . Zone Layout 1 | . 1 . . . Derelict Proto ID Bank 1 | . . . 1 . Fabricator Hacks . | . . . . . Repair Station Hacks . | . . . . . Recycling Unit Hacks . | . . . . . Scanalyzer . | . . . . . Garrison Access Hacks . | . . . . . Unauthorized Hacks 4 | . 4 . . . Terminals 4 | . 4 . . . Assimilate 1 | . 1 . . . Botnet 2 | . 2 . . . Operators 1 | . 1 . . . Fabricators . | . . . . . Repair Stations . | . . . . . Recycling Units . | . . . . . Scanalyzers . | . . . . . Garrison Access . | . . . . . Data Cores Recovered 1 | . 1 . . . Used . | . . . . . Hacking Detections 6 | . 6 . . . Full Trace Events . | . . . . . Feedback Events . | . . . . . Feedback Blocked . | . . . . . Robot Schematics Acquired . | . . . . . Robots Built . | . . . . . Authchips . | . . . . . Time . | . . . . . Total Robot Build Rating . | . . . . . Part Schematics Acquired . | . . . . . Parts Built . | . . . . . Authchips . | . . . . . Time . | . . . . . Total Part Build Rating . | . . . . . Parts Repaired . | . . . . . Time . | . . . . . Parts Recycled . | . . . . . Recycled Matter . | . . . . . Retrieved Matter . | . . . . . Retrieved Components . | . . . . . Parts Scanalyzed . | . . . . . Part Schematics Acquired . | . . . . . Parts Damaged . | . . . . . Bothacking | -11 -10 -10 -10 -9 ------------ Run | Yrd Mat Min Exi Min Used RIF Installer . | . . . . . Robots Hacked . | . . . . . Non-combat . | . . . . . Combat . | . . . . . Robot Hacks Applied . | . . . . . Relay Couplers Released . | . . . . . Fabnet Peak Effective % . | . . . . . Robots Rewired . | . . . . . Allies Hacked . | . . . . . Hacks Repelled . | . . . . . Allies | -11 -10 -10 -10 -9 -------- Run | Yrd Mat Min Exi Min Total Allies . | . . . . . Largest Group . | . . . . . Highest-Rated Group . | . . . . . Highest-Rated Ally . | . . . . . Total Orders . | . . . . . Ally Attacks . | . . . . . Total Damage . | . . . . . Kills . | . . . . . Allies Corrupted . | . . . . . Allies Melted . | . . . . . Intel | -11 -10 -10 -10 -9 ------- Run | Yrd Mat Min Exi Min Robot Analysis Total . | . . . . . Derelict Logs Recovered 2 | . . 1 . 1 Drone Launches . | . . . . . Drone Recoveries . | . . . . . Exploration | -11 -10 -10 -10 -9 ------------- Run | Yrd Mat Min Exi Min Turns Passed 3594 | 5 1291 1306 509 483 Spaces Moved 1382 | 1 507 477 207 190 Core . | . . . . . Treads 1382 | 1 507 477 207 190 Legs . | . . . . . Wheels . | . . . . . Hover . | . . . . . Flight . | . . . . . Fastest Speed 160 | 160 160 240 245 245 Average Speed 232 | 160 216 240 245 245 Slowest Speed 245 | 160 240 245 245 245 Overloaded Moves . | . . . . . Propulsion Burnouts . | . . . . . Robots Hopped . | . . . . . Cave-ins Triggered . | . . . . . Exploration Rate (%) 55 | 2 74 98 59 46 Regions Visited 4 Branch Regions 3 Pre-discovered Areas 1 | . . 1 . . Known Exits Taken . | . . . . . Unknown Exits Taken 4 | 1 1 1 1 . Scrap Searched 4 | . . 2 . 2 Spaces Dug . | . . . . . Terrain Destroyed 10 | . 10 . . . Melee . | . . . . . Projectile . | . . . . . AOE 10 | . 10 . . . Terrain Rammed . | . . . . . Walls Destroyed . | . . . . . Machines Disabled . | . . . . . Actions | -11 -10 -10 -10 -9 --------- Run | Yrd Mat Min Exi Min Total 1667 | 4 618 634 209 202 Wait 198 | . 44 153 1 . Move 1378 | . 506 476 206 190 Hop . | . . . . . Pick Up 18 | . 9 3 1 5 Fast Attach 2 | . 2 . . . Attach . | . . . . . Detach . | . . . . . Swap 12 | 2 6 2 1 1 Drop 7 | 2 3 . . 2 Fire 47 | . 47 . . . Melee 4 | . . . . 4 Ram . | . . . . . Kick . | . . . . . Crush 1 | . 1 . . . Escape Stasis . | . . . . . Rewire . | . . . . . Trap . | . . . . . Miscellaneous . | . . . . . Route ------- -11/Scrapyard -10/Materials (discovered 5 exits: [*Mat x2] / *Min x2 / [*Sub]) -10/Mines (discovered 3 exits: [*Mat x2] / *Exi) -10/Exiles -9/Mines History --------- Turn | Location | Event 6 | -11/Scrapyard | Discovered new exit (range 0) 6 | -11/Scrapyard | Entered Materials 330 | -10/Materials | Build established: Mutant 418 | -10/Materials | Discovered new exit (range 14) 637 | -10/Materials | Discovered new exit (range 9) 773 | -10/Materials | Discovered new exit (range 8) 773 | -10/Materials | Discovered new exit (range 15) 963 | -10/Materials | Discovered new exit (range 12) 1297 | -10/Materials | Entered Mines 1298 | -10/Mines | Learned location of Storage (-9) 1307 | -10/Mines | Met a Derelict bent on vengeance 1461 | -10/Mines | Deemed a non-threat by the Exiles lab entrance 1461 | -10/Mines | Discovered new exit (range 5) 1535 | -10/Mines | Found a hidden stash of uninstalled traps 1610 | -10/Mines | Discovered new exit (range 5) 1617 | -10/Mines | Discovered new exit (range 15) 1684 | -10/Mines | Learned Materials emergency access door positions 2248 | -10/Mines | Met a Derelict who couldn't figure out how to use a Trap Extractor 2603 | -10/Mines | Entered Exiles 2662 | -10/Exiles | Met 8R-AWN 2706 | -10/Exiles | Met EX-HEX 2777 | -10/Exiles | Met EX-BIN 2804 | -10/Exiles | Aligned with FarCom system 2807 | -10/Exiles | Given EX-Vault access code 2863 | -10/Exiles | Opened EX-Vault 2880 | -10/Exiles | Found Superbattery 2930 | -10/Exiles | Warned to stay clear of 0b10 Research branches 2963 | -10/Exiles | Exiles lab attacked by MAIN.C 3091 | -10/Exiles | Discovered new exit (range 10) 3112 | -10/Exiles | Left Exiles lab with Superbattery 3112 | -10/Exiles | Entered Mines 3578 | -9/Mines | Assembled infested the area 3591 | -9/Mines | Core integrity fell below 50% 3594 | -9/Mines | Core integrity fell below 20% 3595 | -9/Mines | Destroyed by D-53 Grenadier with Mini Grenade Launcher Last Messages --------------- dispatching Demolisher response squad. 03585_ C-30 ARC bursts open, deploying its payload. 03585_ D-53 Grenadier unfolds itself. 03585_ W1-DM0 destroyed. 03585_ D-53 Grenadier suffers critical hit (Smash). 03585_ Destroyed Cmb. Airjet. 03585_ D-53 Grenadier system corrupted by crushing effect. 03585_ D-53 Grenadier knocked back. 03587_ Lgt. Treads destroyed. 03588_ D-53 Grenadier suffers critical hit (Smash). 03588_ Grenade Launcher destroyed. 03589_ The unstable cave ceiling collapses. 03589_ D-53 Grenadier misfires. 03589_ Ion Engine destroyed. 03594_ The unstable cave ceiling collapses. [Achievement: Just Browsing] Map ----- +----------------------------------------------------+ | ?????????????????????????# ## ## | | ?????????????????????????###### ##### #### | | ??????????????????????????????# #???# #??##### | | ??????????????????????????????# ###?## #??##### | | ?????????????????????????????## ##?## ##??# | | ????????????????????????????## #??####???#%### | | ???????????????????????????## #???????### #?? | | ??????????????????????????## ##???????# #?? | | ?????????????????????????## ####??????# ###?? | | ?????????????????????????# #??????# #???? | | ?????????????????????????## # !! #??????# #???? | | ??????????????????????????#### ! !! #??????# #??## | | ???????????????????????###???# !!!! #??????# #?## | | ???????????????????????? #??# ! ###????# #?# | | ???????????????????????## #??# ##???# #?# | | ??????????????????????## ##?####### #???# #?# | | ???????????????? ###### ##??????# #???# #??# | | ????????????????? ######## ##??# #???# | | ??????????????????????# #??# #??## | | ????????????????????#### ##?# #??# | | ???????????????????## # u####### ### #??# | | ???????????????????# u ###???# ##?# | | ???????????????????# ##??## ### | | ???????????????????# ##??##### % | | ???????????????????# #??????##### | | ????????????????????# @ #???????????### #### | | ????????????????????# d #????????????# #??? | | ????????????????????# d ##????????????# #??? | | ????????????????????## #?????????????# #??? | | ?????????????????????# # #????????????## #??? | | ?????????????????????# ### ####????????????# ##?? | | ????????????????????? ???##???????????????# ### | | ???????????????????? ?????????????????????# | | ??????????????????? ?????????????????????## | | ??????????????????? ???????????????????????## | | ?????????????????? ????????????????????????## # | | ????????????????? ??????????????????????????#### | | ?????????????????# ?????????????????????????????? | | ??????????????????#??????????????????????????????? | | ?????????????????????????????????????????????????? | | ?????????????????????????????????????????????????? | | ?????????????????????????????????????????????????? | | ?????????????????????????????????????????????????? | | ?????????????????????????????????????????????????? | | ?????????????????????????????????????????????????? | | ?????????????????????????????????????????????????? | | ?????????????????????????????????????????????????? | | ?????????????????????????????????????????????????? | | ?????????????????????????????????????????????????? | | ?????????????????????????????????????????????????? | +----------------------------------------------------+ Best States ------------- Heat Dissipation 25 Energy Generation 10 Energy Capacity 250 Matter Stores 300 Matter Capacity 300 Sight Range 16 Terrain Scan Density 10 Additional Mass Support 6 Evasion (%) 40 Recoil Reduction 2 Item Schematics ----------------- None Robot Schematics ------------------ None Fabricated ------------ Nothing Alien Tech Used ----------------- None Achievements -------------- Just Browsing Challenges ------------ None Game ------ Seed ReactionCatalystDiverter Manual? 0 Play Time 00:22:07 Cumulative 44.3 hours Start 2024.04.11 @ 21:17:42 End 2024.04.11 @ 22:17:45 Sessions 3 Manual Loads 0 Difficulty Rogue Special Mode None Game No. 80 Rogue 80 Adventurer 0 Explorer 0 Win Type - Total 0 Types 0/0/0/0/0/0/0/0/0 Lore% 23 Gallery% 25 Achievement% 26 Wizard Run 0 Options --------- Layout 1 ASCII 0 Keyboard 0 Movement Mouse Keybinds 0 Fullscreen 2 Font 24/Smallcaps Map View 50x35 Zoom Use 0% Tactical HUD 1 Map Filters NONE Filters NONE Steam 1 RUN: c280ea50-4881-4739-8778-c5f0fdcad04f